 Dungeon Crawl Stone Soup version 0.18.1-48-g4cf74bf (webtiles) character file.

16668 Jerry the Basher (level 11, -4/86 HPs)
             Began as a Demigod Artificer on Aug 7, 2016.
             Killed by Ozocubu's Refrigeration
             ... invoked by Fannar
              (7 damage)
             ... on level 1 of the Lair of Beasts.
             The game lasted 02:29:59 (17023 turns).

Jerry the Basher (Demigod Artificer)               Turns: 17023, Time: 02:29:59

Health: -4/86      AC: 29    Str: 22    XL:     11   Next: 83%
Magic:  17/17      EV:  4    Int: 19    God:
Gold:   467        SH:  5    Dex: 16    Spells: 1 memorised, 9 levels left

rFire  . . .     SeeInvis .     A - +2 whip (protect)
rCold  + . .     Gourm    +     p - +0 chain mail
rNeg   . . .     Faith    .     E - +0 buckler
rPois  +         Spirit   .     s - +2 helmet {Int+3}
rElec  .         Dismiss  .     O - +0 cloak
rCorr  .         Reflect  .     D - +0 pair of gloves
SustAt +         Harm     .     F - +2 pair of boots
MR     +....                    m - amulet of the gourmand
Stlth  ..........               C - ring of wizardry
                                z - ring of poison resistance

@: very slightly contaminated, hasted, very quick, somewhat resistant to hostile
enchantments, extremely unstealthy
A: icy blue scales 1, thin metallic scales 1, blurry vision 1, clumsy 1, cold
resistance 1, high mp 1, regeneration 1, strong 2, wild magic 1, evolution 1,
sustain attributes
a: no special abilities


You were on level 1 of the Lair of Beasts.
You were very full.

You visited 2 branches of the dungeon, and saw 12 of its levels.

You collected 677 gold pieces.
You spent 210 gold pieces at shops.

Inventory:

Hand Weapons
 y - a +0 whip of flaming
 A - a +2 whip of protection (weapon)
 R - a +0 hand crossbow of flaming
Missiles
 S - 42 bolts
Armour
 p - a +0 chain mail (worn)
 s - a +2 helmet of intelligence (worn)
 D - a +0 pair of gloves (worn)
 E - a +0 buckler (worn)
 F - a +2 pair of boots (worn)
 O - a +0 cloak (worn)
Jewellery
 b - an uncursed ring of resist corrosion
 m - an amulet of the gourmand (around neck)
 z - a ring of poison resistance (left hand)
 C - a ring of wizardry (right hand)
 H - an uncursed ring of protection from cold
 J - a +5 ring of evasion
 M - an uncursed ring of positive energy
Wands
 c - a wand of flame (11/48)
 d - a wand of enslavement (14/24)
 v - a wand of hasting (2/9)
 W - a wand of digging (8/24)
Scrolls
 a - 4 scrolls of immolation
 n - 3 scrolls of remove curse
 B - 7 scrolls of teleportation
 I - 2 scrolls of blinking
 K - a scroll of identify
Potions
 h - a potion of curing
 q - a potion of cancellation
 u - a potion of magic
 x - 4 potions of mutation
 T - 3 potions of flight
 U - 2 potions of brilliance
Books
 N - a book of Battle

   Spells                             Type                      Level
   a - Infusion                       Charms                       1
   b - Shroud of Golubria             Charms/Translocation         2
   c - Song of Slaying                Charms                       2
   d - Spectral Weapon                Hexes/Charms                 3
   e - Regeneration                   Charms/Necromancy            3
Comestibles
 f - 12 bread rations
 g - 4 meat rations
 j - 8 beef jerkies
 l - 5 slices of pizza
 L - 4 fruits


   Skills:
 - Level 5.1 Fighting
   Level 0.8 Short Blades
 + Level 12.0 Maces & Flails
 - Level 9.7 Armour
 - Level 1.7 Dodging
 - Level 0.8 Stealth
 - Level 5.2 Shields
 - Level 1.1 Spellcasting
 + Level 3.4 Charms
 + Level 3.3 Necromancy
 - Level 3.6 Evocations


You had 9 spell levels left.
You knew the following spells:

 Your Spells              Type           Power        Failure   Level  Hunger
a - Regeneration          Chrm/Necr      ###.......   58%         3    ####...


Dungeon Overview and Level Annotations

Branches:
Dungeon (11/15)            Temple (0/1) D:7            Lair (1/8) D:11
    Orc (0/2) D:10

Shops:
D:4 [   D:11 }

Annotations:
D:5 MirrMurr's ghost, novice SpEn
D:6 sheala's ghost, novice DEWz
Lair:1 Fannar


Innate Abilities, Weirdness & Mutations

You have an increased reservoir of magic (+10% MP).
Your attributes are resistant to harm.
You are partially covered in icy blue scales (AC +1).
You are partially covered in thin metallic scales (AC +2).
Scrolls take you a little longer to read.
You are clumsy. (Dex -2)
Your flesh is cold resistant.
Your natural rate of healing is unusually fast.
Your muscles are very strong. (Str +4)
Your spells are a little harder to cast, but a little more powerful.
You evolve.


Message History

Drink which item? (? for menu, Esc to quit)
You feel better.
Your chain mail prevents you from hitting Fannar.
Fannar is almost dead.
Fannar casts a spell.
Fannar drains the heat from the surrounding environment!
You resist.
You feel very cold.
* * * LOW HITPOINT WARNING * * *
Fannar is frozen.
Fannar resists.
Fannar is almost dead.
You can't go up here!
You climb downwards.
Welcome to the Lair of Beasts!
The ice beast barely misses you. x2
There is a staircase back to the Dungeon, spattered with blood here.
You can't go down here!
The ice beast hits you but does no damage.
Fannar casts a spell.
Fannar drains the heat from the surrounding environment!
You resist.
You feel very cold.
You die...

####.........#..#P#..##..##.)..##
#...†.............#...........
##.#..........................
##..†..............(.........
###..÷...............YY.....
###........>(.............
#.......................
###...Y.†.........##....
##...@Y(.############# #.#.e..###
###.....# #.#.....# ###......#
##......# #....### ##...#


You could see Fannar and 2 ice beasts.

Vanquished Creatures
  Erolcha (D:9)
  3 hill giants
  A cyclops (D:11)
  An ugly thing (D:9)
  A manticore (D:10)
  4 two-headed ogres
  A queen bee (D:8)
  2 wyverns (D:11)
  A wraith (D:11)
  The ghost of loom the Skirmisher, an amateur DrFi (D:3)
  11 yaks
  Eustachio (D:6)
  2 hippogriffs (D:10)
  Menkaure (D:7)
  2 water moccasins
  2 porcupines
  11 orc warriors
  9 sky beasts
  3 ice beasts
  2 phantoms
  A necrophage (D:10)
  6 ogres
  3 centaurs
  3 crocodiles
  19 big kobolds
  2 gnoll sergeants (D:6)
  11 giant frogs
  2 jellies
  15 killer bees
  A wight (D:6)
  5 howler monkeys
  6 crimson imps
  A quasit (D:11)
  A giant frog zombie (D:5)
  8 hounds
  4 centaur skeletons
  15 orc wizards
  A gnoll shaman (D:6)
  A giant frog skeleton (D:6)
  14 orc priests
  4 iguanas
  3 worker ants
  A killer bee zombie (D:8)
  A hound skeleton (D:11)
  Robin (D:2)
  12 gnolls
  2 worker ant zombies
  13 adders
  16 river rats
  2 shadow imps
  4 oozes
  4 adder zombies
  3 adder skeletons
  4 worms
  2 dart slugs (D:2)
  8 giant geckos
  72 orcs
  A ball python (D:1)
  3 giant cockroaches
  23 goblins
  18 hobgoblins
  16 jackals
  29 kobolds
  6 quokkas
  10 bats
  A giant gecko skeleton (D:5)
  A giant newt (D:1)
  2 quokka zombies
  10 rats
  A fungus (D:7)
452 creatures vanquished.

Notes
Turn   | Place    | Note
--------------------------------------------------------------
     0 | D:1      | Jerry the Demigod Artificer began the quest for the Orb.
     0 | D:1      | Reached XP level 1. HP: 15/15 MP: 5/5
    74 | D:1      | Reached skill level 1 in Armour
   361 | D:1      | Reached XP level 2. HP: 17/22 MP: 6/6
   910 | D:1      | Reached XP level 3. HP: 25/27 MP: 7/7
  1316 | D:2      | Noticed Robin
  1326 | D:2      | Killed Robin
  1413 | D:2      | Reached XP level 4. HP: 34/34 MP: 9/9
  1670 | D:2      | Found an iron altar of Okawaru.
  2374 | D:2      | Reached skill level 1 in Maces & Flails
  2374 | D:2      | Reached XP level 5. HP: 31/39 MP: 10/10
  2975 | D:3      | Noticed loom's ghost (amateur DrFi)
  3322 | D:4      | Noticed an ogre
  3410 | D:3      | Reached skill level 2 in Maces & Flails
  3631 | D:2      | HP: 1/39 [shot self (8)]
  3928 | D:2      | Reached XP level 6. HP: 45/46 MP: 11/11
  4284 | D:4      | Reached skill level 3 in Maces & Flails
  4565 | D:3      | Reached skill level 4 in Maces & Flails
  4655 | D:3      | Killed loom's ghost
  4655 | D:3      | Reached XP level 7. HP: 41/51 MP: 12/12
  4735 | D:4      | Reached skill level 5 in Maces & Flails
  4930 | D:4      | Found a sacrificial altar of Ru.
  5029 | D:4      | Found Xamiagh's Armour Boutique.
  5288 | D:4      | Bought a +0 buckler for 45 gold pieces
  5288 | D:4      | Bought a +2 pair of boots for 165 gold pieces
  5378 | D:5      | Entered Level 5 of the Dungeon
  5441 | D:5      | Reached skill level 1 in Shields
  5503 | D:5      | Noticed MirrMurr's ghost (novice SpEn)
  5777 | D:6      | Noticed sheala's ghost (novice DEWz)
  5794 | D:6      | Reached skill level 6 in Maces & Flails
  6287 | D:5      | Reached XP level 8. HP: 58/58 MP: 13/13
  7087 | D:5      | Found a radiant altar of Vehumet.
  7087 | D:5      | Found an ancient bone altar of Kikubaaqudgha.
  7328 | D:6      | Gained mutation: You are frail (-10% HP). [mutagenic meat]
  7329 | D:6      | Gained mutation: You are clumsy. (Dex -2) [mutagenic meat]
  7330 | D:6      | Lost mutation: You are frail (-10% HP). [mutagenic meat]
  7331 | D:6      | Gained mutation: Scrolls take you a little longer to read. [mutagenic meat]
  7332 | D:6      | Gained mutation: Your muscles are strong. (Str +2) [mutagenic meat]
  7333 | D:6      | Gained mutation: Your flesh is heat resistant. [mutagenic meat]
  7413 | D:6      | Reached skill level 5 in Shields
  7425 | D:6      | Reached skill level 7 in Maces & Flails
  7638 | D:6      | Reached skill level 5 in Armour
  7832 | D:6      | Noticed Eustachio
  7895 | D:6      | Killed Eustachio
  8131 | D:7      | Noticed Menkaure
  8159 | D:7      | Killed Menkaure
  8347 | D:6      | Reached XP level 9. HP: 36/63 MP: 14/14
  8685 | D:6      | Reached skill level 8 in Maces & Flails
  9057 | D:7      | Found a staircase to the Ecumenical Temple.
  9147 | D:7      | Gained mutation: You evolve. [mutagenic meat]
  9148 | D:7      | Gained mutation: You are partially covered in icy blue scales (AC +1). [mutagenic meat]
  9149 | D:7      | Gained mutation: Your muscles are very strong. (Str +4) [mutagenic meat]
  9150 | D:7      | Gained mutation: You are partially covered in thin metallic scales (AC +2). [mutagenic meat]
  9151 | D:7      | Gained mutation: Your spells are a little harder to cast, but a little more powerful. [mutagenic meat]
  9489 | D:7      | Lost mutation: Your flesh is heat resistant. [evolution]
  9729 | D:7      | Noticed Crazy Yiuf
  9742 | D:7      | Noticed Crazy Yiuf
  9742 | D:7      | Crazy Yiuf changed into Crazy Yiuf the hound
  9750 | D:7      | Killed Crazy Yiuf the hound
 10202 | D:8      | Reached skill level 9 in Maces & Flails
 10525 | D:8      | Reached XP level 10. HP: 70/70 MP: 15/15
 10599 | D:8      | Gained mutation: Your flesh is cold resistant. [evolution]
 11569 | D:8      | Found a snail-covered altar of Cheibriados.
 11760 | D:9      | Reached skill level 10 in Maces & Flails
 11969 | D:9      | Noticed Erolcha
 12002 | D:9      | Killed Erolcha
 12190 | D:9      | Got an ancient robe
 12211 | D:9      | Identified the cursed +1 robe of Lugonu's Envy {-Tele MP+9 Slay+3} (You found it on level 9 of the Dungeon)
 12236 | D:9      | Found a shattered altar of Ashenzari.
 12767 | D:9      | Gained mutation: Your natural rate of healing is unusually fast. [evolution]
 12871 | D:9      | Found a stormy altar of Qazlal.
 12874 | D:9      | Found a glowing golden altar of the Shining One.
 12877 | D:9      | Found a white marble altar of Elyvilon.
 13036 | D:10     | Entered Level 10 of the Dungeon
 13072 | D:9      | Reached skill level 1 in Fighting
 13217 | D:9      | Noticed a green ugly thing
 13248 | D:9      | Killed a green ugly thing
 13369 | D:10     | Found a roughly hewn altar of Beogh.
 13369 | D:10     | Found a staircase to the Orcish Mines.
 13554 | D:9      | Reached XP level 11. HP: 81/81 MP: 17/17
 13580 | D:10     | Reached skill level 11 in Maces & Flails
 13979 | D:10     | Noticed a hill giant
 14722 | D:10     | Killed a hill giant
 15114 | D:10     | Reached skill level 5 in Fighting
 15274 | D:11     | Learned a level 3 spell: Regeneration
 15332 | D:11     | Noticed a hill giant
 15352 | D:11     | Killed a hill giant
 15352 | D:11     | Reached skill level 1 in Spellcasting
 15352 | D:11     | Reached skill level 1 in Charms
 15352 | D:11     | Reached skill level 1 in Necromancy
 15386 | D:11     | Noticed a hill giant
 15401 | D:11     | Killed a hill giant
 15584 | D:11     | Found Ulyuff's Gadget Emporium.
 15716 | D:11     | Found a staircase to the Lair.
 16221 | D:11     | Found a burning altar of Makhleb.
 16411 | Lair:1   | Entered Level 1 of the Lair of Beasts
 16570 | Lair:1   | Noticed Fannar
 16603 | D:11     | Reached skill level 12 in Maces & Flails
 17020 | D:11     | HP: 2/86 [Fannar/Ozocubu's Refrigeration (11)]
 17023 | Lair:1   | Killed from afar by Fannar

Skill      XL: |  1  2  3  4  5  6  7  8  9 10 11 |
---------------+----------------------------------+-----
Armour         | 1 2 3 4 5 7 9 |  9.7
Evocations     | 3 |  3.6
Maces & Flails | 1 2 4 6 7 9 10 12 | 12.0
Shields        | 2 5 |  5.2
Fighting       | 2 5 |  5.1
Spellcasting   | 1 |  1.1
Charms         | 3 |  3.4
Necromancy     | 3 |  3.3
Short Blades   | |  0.8
Dodging        | |  1.7
Stealth        | |  0.8

Action                   |  1- 3 |  4- 6 |  7- 9 | 10-12 || total
-------------------------+-------+-------+-------+-------++-------
Melee: Short sword       |    44 |       |       |       ||    44
       Dagger            |   108 |       |       |       ||   108
       Whip              |       |    82 |   631 |   867 ||  1580
 Fire: Hunting sling     |     7 |   325 |   156 |   259 ||   747
       Hand crossbow     |       |       |       |   324 ||   324
Throw: Stone             |       |       |     2 |       ||     2
Evoke: Wand              |       |     5 |    12 |     5 ||    22
  Use: Potion            |     1 |     1 |     2 |     3 ||     7
       Scroll            |       |     6 |     1 |    19 ||    26
 Stab: Paralysed         |       |       |     2 |       ||     2
       Invisible         |       |       |       |     5 ||     5
  Eat: Chunk             |     2 |    19 |    31 |    24 ||    76
Armor: Leather armour    |    22 |       |       |       ||    22
       Chain mail        |    56 |   176 |    12 |   294 ||   538
       Skin              |       |    14 |       |       ||    14
       Scale mail        |       |       |   190 |    90 ||   280
       Robe              |       |       |       |     5 ||     5
Dodge: Dodged            |    72 |   105 |   315 |   467 ||   959
Block: Buckler           |       |       |   120 |   203 ||   323
